 Dungeon Crawl Stone Soup version 0.29.1-1-gd02db6906a (webtiles) character file.

Game seed: 11722290550780663695

39 sentinel the Digger (level 3, 0/26 HPs)
             Began as a Meteoran Earth Elementalist on Sept 30, 2022.
             Slain by an adder (1 damage)
             ... on level 3 of the Dungeon.
             The game lasted 00:01:14 (152 turns).

sentinel the Digger (Meteoran Earth Elementalist)    Turns: 152, Time: 00:01:15

Health: 0/26       AC:  2    Str:  9    XL:     3   Next: 97%
Magic:  7/8        EV: 12    Int: 19    God:
Gold:   0          SH:  0    Dex: 14    Spells: 1/7 levels left

rFire   . . .      SeeInvis .   (no weapon)
rCold   . . .      Faith    .   (no shield)
rNeg    . . .      Spirit   .   a - +0 robe
rPois   .          Reflect  .   (no helmet)
rElec   .          Harm     .   (no cloak)
rCorr   .          Rampage  .   (no gloves)
Will    .....                   (no boots)
Stlth   +.........              (no amulet)
HPRegen 0.08/turn               (no ring)
MPRegen 0.11/turn               (no ring)

@: lethally poisoned (0 -> -9), very slightly contaminated, glowing
A: sense surroundings 1, otherworldly, glowing, explore regen
a: no special abilities


You were on level 3 of the Dungeon.
You visited 1 branch of the dungeon, and saw 3 of its levels.

Inventory:

Armour
 a - a +0 robe (worn)
Scrolls
 d - a scroll of enchant armour {unknown}
 f - a scroll of noise {unknown}
 g - a scroll of blinking {unknown}
 i - a scroll of teleportation {unknown}
Potions
 c - a potion of brilliance {unknown}
 e - 2 potions of haste {unknown}
 h - a potion of degeneration {unknown}


   Skills:
 - Level 2.4 Dodging
 - Level 1.4 Stealth
 - Level 2.6 Spellcasting
 * Level 1.1 Conjurations
 - Level 1.2 Transmutations
 + Level 5.1 Earth Magic


You had one spell level left.
You knew the following spells:

 Your Spells              Type           Power      Damage    Failure   Level
a - Sandblast             Erth           44%        2d11      1%          1
b - Stone Arrow           Conj/Erth      28%        3d8       13%         3
c - Passwall              Tmut/Erth      11%        N/A       6%          2

Your spell library contained the following spells:

 Spells                   Type           Power      Damage    Failure   Level
 Petrify                  Tmut/Erth      14%        N/A       38%         4
 Tukima's Dance           Hex            2%         N/A       43%         3
 Passage of Golubria      Tloc           2%         N/A       83%         4
 Yara's Violent Unravell  Hex/Tmut       2%         3d3       98%         5


Dungeon Overview and Level Annotations

Branches:
Dungeon (3/15) Zot: 1636

Altars:


Innate Abilities, Weirdness & Mutations

You passively map a small area around you.
You are easily found by Zot.
You glow in the dark.
You regain HP and MP as you explore.


Message History

f - a scroll labelled JOUDWU PIGOIRR The blast of sand hits the hobgoblin.
The hobgoblin is moderately wounded.
The blast of sand hits the hobgoblin but does no damage.
The hobgoblin is moderately wounded.
The hobgoblin hits you.
The blast of sand hits the hobgoblin.
You kill the hobgoblin!
Found 13 gold pieces.
There is a stone staircase leading down here.
You climb downwards.
There is a stone staircase leading up here.
You climb upwards.
There is a stone staircase leading down here.
There is an open door here.
There is a stone staircase leading down here.
You climb downwards.
Found a leather armour, 11 gold pieces and a scroll labelled PIKAIZ KUHEATS.
There is a stone staircase leading up here.
g - a scroll labelled PIKAIZ KUHEATS A giant cockroach comes into view.
Found a dark potion.
Found a stone staircase leading down.
Found a stone staircase leading down.
The blast of sand hits the giant cockroach.
The giant cockroach is severely wounded.
The blast of sand hits the giant cockroach.
You kill the giant cockroach!
Your Earth Magic skill increases to level 4!
You have reached level 2!
Memorise Passwall, consuming 2 spell levels and leaving 3?
You start memorising the spell.
You continue memorising. x2
You finish memorising.
Spell assigned to 'c'.
Found 17 gold pieces.
h - a dark potion
There are no items here.
An adder comes into view.
The adder hisses angrily.
An endoplasm comes into view.
There are monsters nearby!
You can't see any susceptible monsters within range! (Use Z to cast anyway.)
You can't see any susceptible monsters within range! (Use Z to cast anyway.)
The blast of sand hits the adder!
The adder is severely wounded.
You miscast Sandblast.
You are very lightly contaminated with residual magic.
Nothing appears to happen.
The adder barely misses you.
The blast of sand misses the adder.
The adder bites you.
You are poisoned.
The adder poisons you! The adder bites you.
The blast of sand hits the adder!
You kill the adder!
You feel very sick.
You feel sick.
You feel sick.
You feel sick.
Your magical contamination has completely faded away.
You feel sick.
You feel sick.
You are no longer poisoned.
You miscast Sandblast.
You are very lightly contaminated with residual magic.
Nothing appears to happen.
The endoplasm quivers.
The blast of sand hits the endoplasm!
You kill the endoplasm!
You can't see any susceptible monsters within range! (Use Z to cast anyway.)
Found a scroll labelled POH WYCUFFOP.
An adder comes into view.
Found 14 gold pieces.
The adder hisses angrily.
The blast of sand misses the adder.
Your magical contamination has completely faded away.
The blast of sand hits the adder.
The adder is moderately wounded.
The adder misses you.
You are out of magic!
You are out of magic!
The adder barely misses you. The adder closely misses you.
Casting: Sandblast (safe; 2% risk of failure)
Confirm with . or Enter, or press ? or * to list all spells.
Aiming: Sandblast (safe; 2% risk of failure)
Press: ? - help, Shift-Dir - straight line, f/p - adder
Aim: an adder (moderately wounded, 70% to hit)
The blast of sand hits the adder!
You kill the adder!
Your Earth Magic skill increases to level 5!
You have reached level 3!
Your experience leads to an increase in your attributes!
Increase (s)trength, (i)ntelligence, or (d)exterity?
You feel clever. x3
This spell is quite dangerous to cast!
Memorise Stone Arrow, consuming 3 spell levels and leaving 1?
You start memorising the spell.
You continue memorising. x3
You finish memorising.
Spell assigned to 'b'.
There is a stone staircase leading down here.
i - a scroll labelled POH WYCUFFOP
There is a stone staircase leading down here.
You climb downwards.
HP restored.
There is a stone staircase leading up here.
The blast of sand hits the hound zombie!!
The hound zombie is severely damaged.
The blast of sand misses the hound zombie.
The hound zombie bites you.
The blast of sand hits the hound zombie!
You destroy the hound zombie!
Your Conjurations skill increases to level 1!
You climb upwards.
There is a stone staircase leading down here.
There is a stone staircase leading down here.
You climb downwards.
HP restored.
The adder hisses angrily.
The orc shouts!
There is a stone staircase leading up here.
Casting: Sandblast (safe; 1% risk of failure)
Confirm with . or Enter, or press ? or * to list all spells.
Aiming: Sandblast (safe; 1% risk of failure)
Press: ? - help, Shift-Dir - straight line, f - adder
Aim: an adder (72% to hit)
The blast of sand hits the adder.
The adder is severely wounded.
The adder bites you. x2
You are poisoned.
The adder poisons you!
Casting: Sandblast (safe; 1% risk of failure)
Confirm with . or Enter, or press ? or * to list all spells.
Aiming: Sandblast (safe; 1% risk of failure)
Press: ? - help, Shift-Dir - straight line, f/p - adder
Aim: an adder (severely wounded, 72% to hit)
The blast of sand misses the adder.
You feel very sick. The adder bites you.
You are more poisoned.
The adder poisons you! The orc hits you with a +0 dagger.
The adder barely misses you. The orc hits you with a +0 dagger.
Magic courses through your body.
You feel sick. The adder closely misses you. The orc hits you with a +0 dagger.
The adder bites you.
You are more poisoned.
The adder poisons you!
Casting: Sandblast (safe; 1% risk of failure)
Confirm with . or Enter, or press ? or * to list all spells.
Aiming: Sandblast (safe; 1% risk of failure)
Press: ? - help, Shift-Dir - straight line, f/p - adder
Aim: an adder (severely wounded, 72% to hit)
You miscast Sandblast.
You are very lightly contaminated with residual magic.
Nothing appears to happen.
* * * LOW HITPOINT WARNING * * *
You feel very sick. The adder bites you.
You die...

,
,###
,
,..#
** *
*
#.#
#.#
#.#
*
#S#
#@#
#o#
* *
#.#
* ,
...
* ,
#.#
,*
#.#
* *
#.#
,* ,
#.#
, ,
,


You could see an adder and an orc.

Vanquished Creatures
  A hound zombie (D:3)
  2 adders (D:2)
  An endoplasm (D:2)
  A giant cockroach (D:2)
  A hobgoblin (D:1)
  A quokka (D:1)
  A kobold (D:1)
8 creatures vanquished.

Notes
Turn   | Place    | Note
-------+----------+-------------------------------------------
     0 | D:1      | sentinel the Meteoran Earth Elementalist began the quest
                  | for the Orb.
     0 | D:1      | Reached XP level 1. HP: 14/14 MP: 5/5
    90 | D:2      | Reached skill level 4 in Earth Magic
    90 | D:2      | Reached XP level 2. HP: 20/20 MP: 3/6
    93 | D:2      | Learned a level 2 spell: Passwall
   127 | D:2      | Reached skill level 5 in Earth Magic
   127 | D:2      | Reached XP level 3. HP: 20/26 MP: 0/8
   131 | D:2      | Learned a level 3 spell: Stone Arrow
   142 | D:3      | Reached skill level 1 in Conjurations
   152 | D:3      | HP: 1/26 [poisoned by an adder]
   152 | D:3      | Slain by an adder

Illustrated notes

Levels and vault maps discovered:
D:1:      tarquinn_simple_flora_water_c, layout_rooms
D:2:      layout_loops_ring, uniq_jessica
D:3:      layout_basic, nicolae_yredelemnul_corpse_copse,
          hellmonk_ecumenical_altar_crossroads

Skill      XL: |  1  2  3 |
---------------+----------+-----
Earth Magic    | 4 5 |  5.1
Conjurations   | 1 |  1.1
Dodging        | |  2.4
Stealth        | |  1.4
Spellcasting   | |  2.6
Transmutations | |  1.2

Action                   || total
-------------------------++-------
 Cast: Sandblast         ||    19
  Use: Potion            ||     1
Dodge: Dodged            ||     6
